 Dungeon Crawl Stone Soup version 0.29.1-15-g9cfb28693d (webtiles) character file.

Game seed: 17654857722778685301

141 Barneous the Changer (level 5, -7/36 HPs)
             Began as a Human Wanderer on Apr 14, 2023.
             Mangled by an ogre
             ... wielding a +0 giant club
              (18 damage)
             ... on level 4 of the Dungeon.
             The game lasted 00:13:24 (3767 turns).

Barneous the Changer (Human Wanderer)               Turns: 3767, Time: 00:13:24

Health: -7/36      AC:  3    Str:  9    XL:     5   Next: 48%
Magic:  6/9        EV: 11    Int: 25    God:
Gold:   177        SH:  4    Dex: 11    Spells: 5/10 levels left

rFire   . . .      SeeInvis .   k - +2 spear (venom)
rCold   . . .      Faith    .   d - +0 buckler
rNeg    . . .      Spirit   .   c - +0 robe
rPois   .          Reflect  .   e - +0 helmet
rElec   .          Harm     .   l - scarf {repulsion}
rCorr   .          Rampage  .   (no gloves)
Will    +....                   (no boots)
Stlth   ++........              (no amulet)
HPRegen 0.12/turn               i - +6 ring of intelligence
MPRegen 0.11/turn               h - ring of willpower

@: very slightly contaminated, repel missiles
A: no striking features
a: no special abilities


You were on level 4 of the Dungeon.
You visited 1 branch of the dungeon, and saw 4 of its levels.

You collected 177 gold pieces.

Inventory:

Hand Weapons
 k - a +2 spear of venom (weapon)
 m - a +3 dagger of speed
Missiles
 p - a throwing net
Armour
 c - a +0 robe (worn)
 d - a +0 buckler (worn)
 e - a +0 helmet (worn)
 l - a scarf of repulsion (worn)
Jewellery
 h - a ring of willpower (right hand)
 i - a +6 ring of intelligence (left hand)
Wands
 q - a wand of flame (5)
Scrolls
 a - 3 scrolls of identify
 b - a scroll of amnesia
 g - 2 scrolls of blinking
Potions
 f - 2 potions of cancellation
 j - a potion of might
 n - a potion of magic
 o - a potion of haste {unknown}


   Skills:
 + Level 0.7 Fighting
 * Level 1.3 Short Blades
 + Level 1.0 Armour
 + Level 1.5 Dodging
 * Level 1.8 Stealth
 + Level 2.0 Shields
 + Level 3.0 Spellcasting
 + Level 1.7 Necromancy
 + Level 3.4 Transmutations
 + Level 0.6 Poison Magic


You had 5 spell levels left.
You knew the following spells:

 Your Spells              Type           Power      Damage    Failure   Level
a - Sting                 Tmut/Pois      56%        1d5       5%          1
b - Necrotise             Necr           48%        1d6       6%          1
c - Vampiric Draining     Necr           12%        2d6       19%         3

Your spell library contained the following spells:

 Spells                   Type           Power      Damage    Failure   Level
 Beastly Appendage        Tmut           42%        N/A       3%          1
 Wereblood                Tmut           21%        N/A       4%          2
 Portal Projectile        Hex/Tloc       6%         N/A       36%         3
 Tukima's Dance           Hex            3%         N/A       36%         3
 Blade Hands              Tmut           10%        N/A       65%         5


Dungeon Overview and Level Annotations

Branches:
Dungeon (4/15)
 Temple: D:4-7

Altars:
Uskayaw

Shops:
D:1 (


Message History

No target in view!
You now have 177 gold pieces (gained 11).
Found an escape hatch in the ceiling.
Found a falchion.
An ogre comes into view. It is wielding a +0 giant club.
Found a potion of lignification.
Found 5 gold pieces.
The ogre shouts!
Aiming: Sting (safe; 5% risk of failure)
Press: ? - help, Q - select action, (/) - cycle Shift-Dir - straight line, f - you
Okay, then.
Casting: Sting (safe; 5% risk of failure)
Confirm with . or Enter, or press ? or * to list all spells.
Aiming: Necrotise (safe; 6% risk of failure)
Press: ? - help, Shift-Dir - straight line, f - ogre
Aim: an ogre, wielding a +0 giant club (chance to affect: 67%)
You miscast Necrotise.
You are very lightly contaminated with residual magic.
Nothing appears to happen.
Aiming: Sting (safe; 5% risk of failure)
Press: ? - help, Q - select action, (/) - cycle Shift-Dir - straight line, f/p - ogre
Aim: an ogre, wielding a +0 giant club (86% to hit)
The sting hits the ogre.
The ogre is poisoned.
The ogre is lightly wounded.
Aiming: Sting (safe; 5% risk of failure)
Press: ? - help, Q - select action, (/) - cycle Shift-Dir - straight line, f/p - ogre
Aim: an ogre, wielding a +0 giant club (lightly wounded, poisoned, 86% to hit)
You miscast Sting.
Nothing appears to happen.
You hit the ogre.
The ogre looks even sicker.
The ogre is moderately wounded.
The ogre hits you with a +0 giant club!!
Ouch! That really hurt!
You closely miss the ogre.
The ogre is heavily wounded.
The ogre barely misses you.
You hit the ogre.
The ogre looks as sick as possible!
The ogre is heavily wounded.
The ogre hits you with a +0 giant club!!
Ouch! That really hurt!
You die...

.##.........#
####........# ##...##..
##.......#...###....#...
#....#...###.#.....$...
.....#...###.........##.
.....##.###.............
.........##...........!.
#.......####.......#....
#.............##@O......
#<......................
##..#...................
####...................
##..............####
###.......#....#
##.....###.### #....).#
## ##....##


You could see an ogre (extremely poisoned).

Vanquished Creatures
  Terence (D:2)
  Robin (D:3)
  2 adders (D:2)
  2 dart slugs
  4 orcs
  5 endoplasms
  6 giant cockroaches
  16 goblins
  10 hobgoblins
  3 jackals (D:4)
  6 ball pythons
  5 bats
  3 frilled lizards
  7 kobolds
  5 rats
76 creatures vanquished.

Notes
Turn   | Place    | Note
-------+----------+-------------------------------------------
     0 | D:1      | Barneous the Human Wanderer began the quest for the Orb.
     0 | D:1      | Barneous set off with the following items: a +0 dagger, a
                  | potion of curing, a +0 robe, a +0 buckler; and the
                  | following spells available to memorise: Beastly Appendage,
                  | Wereblood, Sting, Necrotise, Vampiric Draining.
     0 | D:1      | Reached XP level 1. HP: 13/13 MP: 3/3
     2 | D:1      | Learned a level 1 spell: Sting
     4 | D:1      | Learned a level 1 spell: Necrotise
   201 | D:1      | Reached XP level 2. HP: 17/19 MP: 3/5
   528 | D:1      | Reached skill level 1 in Stealth
   765 | D:1      | Reached XP level 3. HP: 24/24 MP: 1/6
   834 | D:1      | Found Hutz's Antique Weapon Boutique.
  1351 | D:1      | Found a faded altar of an unknown god.
  1821 | D:2      | Found a hide-covered altar of Uskayaw.
  1834 | D:2      | Reached XP level 4. HP: 30/30 MP: 5/7
  1878 | D:2      | Noticed Terence
  1895 | D:2      | Killed Terence
  1896 | D:2      | Reached skill level 1 in Short Blades
  2488 | D:2      | Learned a level 3 spell: Vampiric Draining
  2809 | D:3      | Reached XP level 5. HP: 36/36 MP: 8/8
  2936 | D:3      | Noticed Robin
  2968 | D:3      | Killed Robin
  3756 | D:4      | Noticed an ogre
  3767 | D:4      | Mangled by an ogre

Illustrated notes

Levels and vault maps discovered:
D:1:      matt_arrival_refuge, layout_basic, serial_shops, shop,
          ebering_ecumenical_altar_petrified, hangedman_decor_peaks_small,
          minmay_pentomino_x4
D:2:      layout_basic, basic_altar, uniq_terence
D:3:      layout_rooms, uniq_robin
D:4:      layout_cave_pools, grunt_ministairs_15, uniq_blork_the_orc

Skill      XL: |  1  2  3  4  5 |
---------------+----------------+-----
Stealth        | 1 |  1.8
Short Blades   | 1 |  1.3
Spellcasting   | 3 |  3.0
Fighting       | |  0.7
Armour         | |  1.0
Dodging        | |  1.5
Shields        | |  2.0
Necromancy     | |  1.7
Transmutations | |  3.4
Poison Magic   | |  0.6

Action                   |  1- 3 |  4- 6 || total
-------------------------+-------+-------++-------
Melee: Dagger            |    32 |    56 ||    88
       Short sword       |    20 |       ||    20
       Spear             |       |    29 ||    29
 Cast: Sting             |    24 |    14 ||    38
       Necrotise         |    12 |    20 ||    32
  Use: Scroll            |     4 |     6 ||    10
       Potion            |     3 |     1 ||     4
 Stab: Sleeping          |     2 |     1 ||     3
Armor: Robe              |    10 |    15 ||    25
Dodge: Dodged            |    27 |    35 ||    62
       Repelled          |       |     1 ||     1
Block: Buckler           |     4 |    10 ||    14
